 Dungeon Crawl Stone Soup version 0.25.1-8-g42b30a86e7 (webtiles) character file.

Game seed: 2893093661036337907

37 Descartes the Magician (level 3, 0/19 HPs)
             Began as a Deep Elf Wanderer on Dec 12, 2020.
             Slain by a hobgoblin
             ... wielding a +0 club
              (8 damage)
             ... on level 2 of the Dungeon.
             The game lasted 00:02:48 (1420 turns).

Descartes the Magician (Deep Elf Wanderer)          Turns: 1420, Time: 00:02:49

Health: 0/19       AC:  3    Str: 11    XL:     3   Next: 21%
Magic:  12/12      EV: 11    Int: 16    God:
Gold:   4          SH:  0    Dex: 13    Spells: 12/13 levels left

rFire    . . .     SeeInvis .   g - +1 short sword (distort)
rCold    . . .     Gourm    .   (no shield)
rNeg     . . .     Faith    .   c - +0 robe
rPois    .         Spirit   .   (no helmet)
rElec    .         Reflect  .   (no cloak)
rCorr    .         Harm     .   (no gloves)
MR       .....                  l - +0 pair of boots
Stlth    ++........             (no amulet)
HPRegen  0.06/turn              (no ring)
MPRegen  0.13/turn              (no ring)

@: no status effects
A: no striking features
a: no special abilities


You were on level 2 of the Dungeon.
You were hungry.

You visited 1 branch of the dungeon, and saw 2 of its levels.

You collected 4 gold pieces.

Inventory:

Hand Weapons
 a - a +0 dagger
 g - a +1 short sword of distortion (weapon)
Missiles
 d - 6 atropa-tipped darts (quivered)
 j - 11 bolts
 m - 17 arrows
Armour
 c - a +0 robe (worn)
 l - a +0 pair of boots (worn)
Scrolls
 b - a scroll of teleportation
 e - a scroll of identify {unknown}
 h - a scroll of enchant weapon {unknown}
 i - a scroll of amnesia {unknown}
 n - a scroll of magic mapping {unknown}
Comestibles
 f - a ration
 k - 2 chunks of flesh


   Skills:
 - Level 1.0 Throwing
 - Level 1.2 Stealth
 - Level 5.8 Spellcasting
 + Level 2.1 Conjurations
   Level 1.1 Ice Magic
 + Level 3.7 Air Magic


You had 12 spell levels left.
You knew the following spells:

 Your Spells              Type           Power        Failure   Level  Hunger
a - Shock                 Conj/Air       ##..         4%          1    None

Your spell library contained the following spells:

 Spells                   Type           Power        Failure   Level  Hunger
 Swiftness                Chrm/Air       ##......     10%         2    #......
 Static Discharge         Conj/Air       ##......     13%         3    ##.....
 Airstrike                Air            ###.......   30%         4    ####...
 Lightning Bolt           Conj/Air       ##........   75%         5    ######.


Dungeon Overview and Level Annotations

Branches:
Dungeon (2/15)

Altars:


Message History

You are feeling hungry.
The hobgoblin closely misses you.
You hit the hobgoblin but do no damage. The hobgoblin hits you with a +0 club.
You barely miss the hobgoblin. The hobgoblin closely misses you.
You barely miss the hobgoblin. The hobgoblin hits you with a +0 club.
You hit the hobgoblin.
The hobgoblin is moderately wounded.
The hobgoblin blinks!
The hobgoblin throws a stone.
The stone hits you. The hobgoblin hits you with a +0 club.
You are too injured to fight recklessly!
You are too injured to fight recklessly!
You are too injured to fight recklessly!
You are too injured to fight recklessly!
You are too injured to fight recklessly!
A hobgoblin is nearby!
You are too injured to fight recklessly!
You barely miss the hobgoblin.
The hobgoblin is moderately wounded.
The hobgoblin hits you with a +0 club!
You die...

##### ##### #...#
#...#
#..ยง########...#
#...##.........#
#...##.##......+
#......##.##...#
#......##.##g###
###....##.##@######
####...>(((.....+
#####...######..
#...##<......#
#...##########
#....' ##...# #...#
#####


You could see a hobgoblin.

Vanquished Creatures
  A dart slug (D:1)
  2 bats (D:1)
  3 giant cockroaches (D:1)
  6 goblins (D:1)
  6 hobgoblins (D:1)
  2 jackals (D:1)
  3 kobolds
  A frilled lizard (D:1)
  6 rats (D:1)
30 creatures vanquished.

Vanquished Creatures (others)
  A goblin (D:2)
1 creature vanquished.

Grand Total: 31 creatures vanquished

Notes
Turn   | Place    | Note
-------+----------+-------------------------------------------
     0 | D:1      | Descartes the Deep Elf Wanderer began the quest for the
                  | Orb.
     0 | D:1      | Descartes set off with the following items: a +0 dagger, a
                  | scroll of teleportation, a +0 robe, a ration; and the
                  | following spell memorised: Shock; and the following spells
                  | available to memorise: Swiftness, Static Discharge,
                  | Airstrike, Lightning Bolt
     0 | D:1      | Reached XP level 1. HP: 10/10 MP: 9/9
   283 | D:1      | Reached skill level 1 in Conjurations
   284 | D:1      | Reached XP level 2. HP: 12/15 MP: 4/10
  1071 | D:1      | Reached XP level 3. HP: 19/19 MP: 12/12
  1420 | D:2      | Slain by a hobgoblin

Illustrated notes

Levels and vault maps discovered:
D:1:      lightli_arrival_isolated_outpost, layout_basic,
          hangedman_decor_clover_reticule, roderic_roman_lattice
D:2:      layout_basic

Skill      XL: |  1  2 |
---------------+-------+-----
Conjurations   | 1 2 |  2.1
Throwing       | |  1.0
Stealth        | |  1.2
Spellcasting   | |  5.8
Ice Magic      | |  1.1
Air Magic      | |  3.7

Action                   || total
-------------------------++-------
Melee: Short sword       ||    52
 Cast: Shock             ||    18
 Stab: Sleeping          ||     1
  Eat: Chunk             ||     1
Armor: Robe              ||    10
Dodge: Dodged            ||    29
